 Dungeon Crawl Stone Soup version 0.19-a0-1672-g679cadd (webtiles) character file.

20930 TheGoonsmith the Destroyer (level 12, 0/68 HPs)
             Began as a Gargoyle Fire Elementalist on Sept 22, 2016.
             Was a High Priest of Sif Muna.
             Slain by a catoblepas (20 damage)
             ... on level 3 of the Lair of Beasts.
             The game lasted 00:35:51 (15465 turns).

TheGoonsmith the Destroyer (GrFE)                  Turns: 15465, Time: 00:35:52

Health: 0/68       AC: 22    Str: 13    XL:     12   Next: 84%
Magic:  10/24      EV: 13    Int: 20    God:    Sif Muna [*****.]
Gold:   938        SH:  4    Dex: 10    Spells: 7 memorised, 1 level left

rFire  + + .     SeeInvis .     a - +2 whip (venom)
rCold  . . .     Gourm    .     T - +1 leather armour {rC+}
rNeg   + . .     Faith    .     F - +0 buckler
rPois  ∞         Spirit   .     l - +1 helmet
rElec  +         Dismiss  .     i - +2 cloak
rCorr  .         Reflect  .     s - +2 pair of gloves
MR     .....     Harm     .     (no boots)
Stlth  ++........               U - amulet of regeneration
                                z - ring of protection from fire
                                w - ring of fire

@: no status effects
A: negative energy resistance 1, electricity resistance, unbreathing,
petrification resistance, rot immunity, AC +8
a: Divine Energy, Channel Magic, Forget Spell, Renounce Religion


You were on level 3 of the Lair of Beasts.
You worshipped Sif Muna.
Sif Muna was extremely pleased with you.
You were not hungry.

You visited 2 branches of the dungeon, and saw 13 of its levels.
You also visited: Labyrinth and Volcano.

You collected 938 gold pieces.

Inventory:

Hand Weapons
 a - a +2 whip of venom (weapon)
Missiles
 G - 6 javelins (quivered)
Armour
 i - a +2 cloak (worn)
 l - a +1 helmet (worn)
 s - a +2 pair of gloves (worn)
 F - a +0 buckler (worn)
 T - a +1 leather armour of cold resistance (worn)
Magical Staves
 B - an uncursed staff of conjuration
 H - an uncursed staff of wizardry
Jewellery
 n - a +2 amulet of reflection
 u - an uncursed ring of ice {unknown}
 w - a ring of fire (left hand)
 z - a ring of protection from fire (right hand)
 U - an amulet of regeneration (around neck)
 Y - an uncursed amulet of the gourmand {unknown}
Wands
 b - a wand of iceblast (6/15)
 o - a wand of polymorph (10/24)
 I - a wand of polymorph (10/24)
 M - a wand of iceblast (11/15)
 P - a wand of enslavement (10/24)
 R - a wand of paralysis (19/24)
 S - a wand of lightning (7/15)
 V - a wand of enslavement (20/24)
 X - a wand of polymorph (11/24)
Scrolls
 e - 4 scrolls of fog
 h - 2 scrolls of identify
 k - 4 scrolls of enchant weapon
 t - a scroll of enchant armour
 y - 3 scrolls of teleportation
 N - a scroll of blinking
 W - 2 scrolls of amnesia
Potions
 d - a potion of agility
 f - 3 potions of might
 g - a potion of berserk rage
 j - 2 potions of lignification
 p - 3 potions of flight
 q - a potion of resistance
 x - a potion of cure mutation
 D - 2 potions of brilliance
 E - 5 potions of curing
 J - 2 potions of haste
 L - a potion of ambrosia
 O - a potion of heal wounds {unknown}
 Q - a potion of invisibility
Books
 r - Sif Muna's Rites and Rhymes Continued
   (Sif Muna gifted it to you on level 2 of the Lair of Beasts)

   Spells                             Type                      Level
   a - Stone Arrow                    Conjuration/Earth            3
   b - Gell's Gravitas                Hexes/Translocation          3
   c - Tukima's Dance                 Hexes                        3
   d - Recall                         Summoning/Translocation      3
   e - Spider Form                    Transmutation/Poison         3
 A - a book of Annihilations

   Spells                             Type                      Level
   a - Poison Arrow                   Conjuration/Poison           6
   b - Chain Lightning                Conjuration/Air              8
   c - Lehudib's Crystal Spear        Conjuration/Earth            8
   d - Glaciate                       Conjuration/Ice              9
   e - Fire Storm                     Conjuration/Fire             9
Comestibles
 c - 6 bread rations
 m - 16 royal jellies
 v - 2 slices of pizza
 C - 52 fruits
 K - 3 beef jerkies
 Z - 8 chunks of flesh


   Skills:
 - Level 5.1 Fighting
 - Level 5.1 Armour
 - Level 4.0 Dodging
 - Level 2.1 Stealth
 - Level 4.0 Shields
 + Level 8.2 Spellcasting
 * Level 13.0 Conjurations
 * Level 1.6 Summonings
 - Level 11.8 Fire Magic


You had one spell level left.
You knew the following spells:

 Your Spells              Type           Power        Failure   Level  Hunger
a - Flame Tongue          Conj/Fire      #####        1%          1    None
b - Spellforged Servitor  Conj/Summ      #####.....   100%        7    #######
c - Conjure Flame         Conj/Fire      ######..     1%          3    None
e - Swiftness             Chrm/Air       #.......     17%         2    None
f - Fireball              Conj/Fire      ######....   1%          5    #####..
s - Sticky Flame          Conj/Fire      ######..     1%          4    ###....
x - Iskenderun's Mystic   Conj           ######..     1%          4    ###....


Dungeon Overview and Level Annotations

Branches:
Dungeon (10/15)            Temple (0/1) D:7            Lair (3/6) D:9
  Swamp: Lair:2-4    Shoals: Lair:2-4     Snake: Lair:2-4    Spider: Lair:2-4
    Orc: D:9-12

Altars:
Dithmenos
Hepliaklqana
Kikubaaqudgha
Makhleb
Nemelex Xobeh
Okawaru
Ru
Sif Muna
Trog
Zin


Innate Abilities, Weirdness & Mutations

You are resistant to torment.
Your stone body is resilient. (AC +8)
You are immune to poison.
You resist negative energy. (rN+)
You are resistant to electric shocks. (rElec)
You can survive without breathing.
You are immune to petrification.
You are immune to rotting.


Message History

The catoblepas burns!
The catoblepas gores you.
You hit the catoblepas.
The catoblepas looks as sick as possible!
The catoblepas is severely wounded.
The catoblepas burns!
The catoblepas gores you but does no damage.
The catoblepas closely misses you.
You hit the catoblepas but do no damage.
The catoblepas looks as sick as possible!
The catoblepas is severely wounded.
The catoblepas burns!
The catoblepas breathes a plume of calcifying dust at you.
The blast of calcifying dust hits you!
You hit the catoblepas but do no damage.
The catoblepas looks as sick as possible!
The catoblepas is almost dead.
The catoblepas burns!
The catoblepas gores you!!
* * * LOW HITPOINT WARNING * * *
The catoblepas burns!
The catoblepas gores you!!
You die...

...### ##.......
....#. #.#......
...... #...≈≈.P
......## ##..≈P≈≈≈
P.....
#######..##≈≈≈≈
...###.......###≈≈≈P
#..##....##..#≈≈≈≈≈
#Y§§#.....#####P≈≈≈
.......#@##......#
≈P≈≈
......###.......##
≈≈ .....# #......##
..... ##....P# ....
....### #.# #.####
## ##


You could see a catoblepas (burning).

Vanquished Creatures
  A minotaur (Lab)
  2 hydras
  A hill giant (D:10)
  A black mamba (Lair:3)
  Maurice (D:8)
  4 toenail golems (Volcano)
  5 spiny frogs
  4 komodo dragons
  A rime drake (Lair:1)
  A queen bee (Lair:2)
  A troll (D:9)
  3 blink frogs
  4 hippogriffs
  A wraith (D:9)
  A wyvern (Lair:3)
  3 basilisks (Lair:1)
  22 yaks
  6 humans (Volcano)
  3 water moccasins
  7 porcupines
  A sky beast (D:8)
  3 orc warriors
  A black bear (Lair:2)
  2 ice beasts
  7 ogres
  A necrophage (D:9)
  3 wolves (Lair:2)
  8 centaurs
  2 big kobolds (D:10)
  Blork the orc (D:5)
  2 crocodiles
  7 bullfrogs
  A scorpion (D:4)
  24 killer bees
  A troll skeleton (Lab)
  10 wights
  6 howler monkeys
  4 crimson imps
  6 hounds
  A quasit (D:9)
  3 orc priests
  2 centaur skeletons (Lab)
  A bullfrog skeleton (D:9)
  9 orc wizards
  9 worker ants
  Natasha (thrice) (D:2)
  7 iguanas
  An ogre skeleton (Lab)
  A hound zombie (D:10)
  A hound skeleton (D:7)
  A worker ant zombie (D:5)
  16 river rats
  7 adders
  A shadow imp (D:5)
  2 oozes
  An adder zombie (D:9)
  A dart slug (D:1)
  2 worms (D:6)
  The ghost of PurpleRed the Conjurer, a weakling DECj (D:4)
  4 leopard geckos
  25 orcs
  7 giant cockroaches
  6 goblins
  7 hobgoblins
  15 jackals
  15 kobolds
  4 quokkas
  A ball python (D:4)
  5 bats
  6 frilled lizards
  A jackal skeleton (D:4)
  A jackal zombie (D:6)
  7 rats
336 creatures vanquished.

Vanquished Creatures (others)
  An orc wizard (D:7)
  7 fungi
  3 plants (Lair:3)
11 creatures vanquished.

Grand Total: 347 creatures vanquished

Notes
Turn   | Place    | Note
-------+----------+-------------------------------------------
     0 | D:1      | TheGoonsmith the Gargoyle Fire Elementalist began the quest for the Orb.
     0 | D:1      | Reached XP level 1. HP: 10/10 MP: 3/3
   262 | D:1      | Reached XP level 2. HP: 13/15 MP: 0/5
   345 | D:1      | Reached skill level 2 in Conjurations
   609 | D:1      | Reached XP level 3. HP: 16/19 MP: 0/6
  1462 | D:2      | Reached XP level 4. HP: 24/24 MP: 4/7
  1468 | D:2      | Learned a level 4 spell: Sticky Flame
  1472 | D:2      | Learned a level 3 spell: Conjure Flame
  1506 | D:2      | Reached skill level 3 in Conjurations
  1634 | D:2      | Found a shadowy altar of Dithmenos.
  1748 | D:2      | Noticed Natasha
  1750 | D:2      | Killed Natasha
  1977 | D:2      | Noticed Natasha
  1980 | D:2      | Killed Natasha
  1980 | D:2      | Reached XP level 5. HP: 28/28 MP: 6/9
  2033 | D:2      | Noticed Natasha
  2037 | D:2      | Killed Natasha
  2257 | D:3      | Reached skill level 4 in Conjurations
  2276 | D:3      | Noticed an ice beast
  2282 | D:3      | Killed an ice beast
  2282 | D:3      | Reached XP level 6. HP: 32/32 MP: 6/11
  2537 | D:3      | Found an iron altar of Okawaru.
  2705 | D:4      | Noticed PurpleRed's ghost (weakling DECj)
  2707 | D:4      | Found a hazy altar of Hepliaklqana.
  2709 | D:4      | Killed PurpleRed's ghost
  2735 | D:4      | Found a deep blue altar of Sif Muna.
  2739 | D:4      | Became a worshipper of Sif Muna the Loreminder
  2848 | D:4      | Reached skill level 5 in Conjurations
  3054 | D:4      | Reached XP level 7. HP: 35/36 MP: 7/12
  3284 | D:4      | Reached skill level 1 in Shields
  3336 | D:5      | Entered Level 5 of the Dungeon
  3359 | D:5      | Found a sacrificial altar of Ru.
  3656 | D:5      | Reached * piety under Sif Muna
  3656 | D:5      | Reached skill level 5 in Fire Magic
  4026 | D:5      | Reached skill level 6 in Conjurations
  4188 | D:5      | Noticed Blork the orc
  4191 | D:5      | Reached XP level 8. HP: 41/41 MP: 10/14
  4202 | D:5      | Killed Blork the orc
  4810 | D:6      | Reached skill level 7 in Conjurations
  5366 | D:6      | Got a polished leather armour
  5377 | D:6      | Identified the +4 leather armour "Lioraf" {-Cast rPois Int+2 SInv} (You found it on level 6 of the Dungeon)
  5440 | D:6      | Found a sparkling altar of Nemelex Xobeh.
  5778 | D:7      | Reached ** piety under Sif Muna
  5843 | D:7      | Found a staircase to the Ecumenical Temple.
  6038 | D:7      | Reached skill level 8 in Conjurations
  6038 | D:7      | Reached XP level 9. HP: 45/45 MP: 12/16
  6203 | D:7      | Reached skill level 5 in Spellcasting
  6866 | D:8      | Learned a level 5 spell: Fireball
  6869 | D:8      | Learned a level 2 spell: Swiftness
  6915 | D:8      | Noticed Maurice
  6918 | D:8      | Reached skill level 9 in Conjurations
  6949 | D:8      | Killed Maurice
  6949 | D:8      | Reached *** piety under Sif Muna
  6977 | D:8      | Found a glowing silver altar of Zin.
  7215 | D:8      | Found a bloodstained altar of Trog.
  7650 | D:8      | Reached XP level 10. HP: 50/50 MP: 10/19
  7839 | D:9      | Found a sparkling altar of Nemelex Xobeh.
  7948 | D:9      | Found a staircase to the Lair.
  8141 | D:9      | Reached skill level 10 in Conjurations
  8241 | D:9      | Reached **** piety under Sif Muna
  8356 | D:9      | Found a burning altar of Makhleb.
  8356 | D:9      | Found an ancient bone altar of Kikubaaqudgha.
  8486 | D:10     | Entered Level 10 of the Dungeon
  9438 | D:10     | Noticed a hill giant
  9452 | D:10     | Killed a hill giant
  9570 | D:9      | Reached ***** piety under Sif Muna
  9700 | D:10     | Reached skill level 11 in Conjurations
  9892 | Lair:1   | Entered Level 1 of the Lair of Beasts
  9932 | Lair:1   | Reached skill level 10 in Fire Magic
  9970 | Lair:1   | Reached XP level 11. HP: 20/54 MP: 13/21
  9997 | Lair:1   | Identified Sif Muna's Incunabulum of Contamination and Battle Magic (Sif Muna gifted it to you on level 1 of the Lair of Beasts)
  9997 | Lair:1   | Received a gift from Sif Muna
 10182 | Lair:1   | Found a dark tunnel.
 10187 | Volcano  | Entered a volcano
 10589 | Volcano  | Noticed a mace of flaming
 10970 | Lair:1   | Reached skill level 12 in Conjurations
 11424 | Lair:1   | Learned a level 4 spell: Iskenderun's Mystic Blast
 11882 | Lair:2   | Noticed a six-headed hydra
 11896 | Lair:1   | Killed a six-headed hydra
 12027 | Lair:2   | Found a labyrinth entrance.
 12037 | Lab      | Entered a labyrinth
 12275 | Lab      | Noticed a minotaur
 12285 | Lab      | Killed a minotaur
 12380 | Lair:2   | Reached XP level 12. HP: 48/59 MP: 13/24
 12575 | Lair:1   | Learned a level 7 spell: Spellforged Servitor
 12723 | Lair:1   | Reached skill level 1 in Fighting
 13292 | Lair:2   | Identified Sif Muna's Rites and Rhymes Continued (Sif Muna gifted it to you on level 2 of the Lair of Beasts)
 13292 | Lair:2   | Received a gift from Sif Muna
 13306 | Lair:1   | Reached skill level 5 in Fighting
 13516 | Lair:1   | Reached skill level 1 in Armour
 14025 | Lair:2   | Reached skill level 5 in Armour
 14897 | Lair:3   | Noticed a six-headed hydra
 14940 | Lair:2   | Killed a six-headed hydra
 15265 | Lair:3   | Reached skill level 1 in Summonings
 15369 | Lair:3   | Reached skill level 13 in Conjurations
 15450 | Lair:3   | Noticed a catoblepas
 15465 | Lair:3   | Slain by a catoblepas

Vault maps used:
D:1:      roderic_crop_circles_arrival_small, glass_columns_b,
          minmay_pentomino_s4
D:2:      lemuel_round_altar, serial_bayou_pond_c, uniq_natasha
D:3:      nicolae_overflow_crystal_walls
D:4:      led_sif_book, lemuel_crystal_altar, first_bread
D:5:      old_standard_altar, uniq_blork_the_orc
D:6:      nemelex_spade_bored_becter
D:8:      lemuel_doored_altar, bloody_trog, uniq_maurice
D:9:      nemelex_xobeh_ov_fountains_minmay, gammafunk_temple_overflow_elements,
          lair_0_dummy
D:10:     serial_shops, shop, david_nohive_1
Lair:1:   enter_volcano_4
Lair:2:   lab_entry_generic, grunt_forest_large_clearings, lemuel_fruit_fields
Lair:3:   lemuel_fruit_fields, serial_bayou_shore_a
Lab:      nicolae_lab_garden, nicolae_lab_diamond, nicolae_lab_very_dead_end
Volcano:  volcano_bunker

Skill      XL: |  1  2  3  4  5  6  7  8  9 10 11 12 |
---------------+-------------------------------------+-----
Conjurations   | 2 3 4 5 6 8 9 11 12 13 | 13.0
Spellcasting   | 3 4 6 8 |  8.2
Fire Magic     | 4 5 6 8 10 11 | 11.8
Shields        | 3 4 |  4.0
Fighting       | 5 |  5.1
Armour         | 5 |  5.1
Dodging        | 4 |  4.0
Summonings     | 1 |  1.6
Stealth        | |  2.1

Action                   |  1- 3 |  4- 6 |  7- 9 | 10-12 || total
-------------------------+-------+-------+-------+-------++-------
Melee: Unarmed           |    14 |       |       |       ||    14
       Club              |    39 |       |       |       ||    39
       Dagger            |     8 |    10 |    54 |    97 ||   169
       Mace              |       |       |       |    18 ||    18
       Whip              |       |       |       |   306 ||   306
       Staff             |       |       |       |     1 ||     1
Throw: Javelin           |       |     3 |       |     1 ||     4
 Cast: Flame Tongue      |    58 |    91 |   209 |   385 ||   743
       Conjure Flame     |       |       |     5 |    13 ||    18
       Sticky Flame      |       |       |     4 |    75 ||    79
       Fireball          |       |       |       |    17 ||    17
       Swiftness         |       |       |       |     1 ||     1
  Use: Scroll            |       |    10 |     7 |    16 ||    33
       Potion            |       |       |       |     2 ||     2
 Stab: Sleeping          |       |       |     1 |     1 ||     2
       Distracted        |       |       |       |     1 ||     1
       Invisible         |       |       |       |     1 ||     1
  Eat: Chunk             |     3 |     4 |    15 |    14 ||    36
       Bread ration      |       |       |       |     4 ||     4
       Meat ration       |       |       |       |     1 ||     1
       Pizza             |       |       |       |     1 ||     1
Armor: Robe              |    21 |       |    49 |    76 ||   146
       Leather armour    |    18 |    24 |     1 |   381 ||   424
Dodge: Dodged            |    68 |    29 |    49 |   428 ||   574
Block: Buckler           |       |     1 |    19 |   166 ||   186
